Map: Orbital Shipyard

Players

lIlIlIlIlI (Nina) - Winner!

  • Race: Protoss Protoss

Pseudorandom

VOD

Have the link to the VOD?

Description

Time

  • Played on: April 2, 2015, 12:44 a.m.
  • Length: 6:21
Show
View Real Time Build Order
Export as new Build Order

lIlIlIlIlI Protoss - Winner!

Build Orders: Oracle Opening, Oracle Opening 

Get SALT Encoding   

  12  0:10  Pylon  
  12  0:13  Probe  
  13  0:25  Probe (Chrono Boost)  
  14  0:35  Gateway  
  14  0:37  Probe (Chrono Boost)  
  15  0:47  Probe (Chrono Boost)  
  16  0:50  Assimilator  
  16  0:52  Assimilator  
  16  0:54  Probe (Chrono Boost)  
  17  1:07  Probe (Chrono Boost)  
  18  1:15  Probe (Chrono Boost)  
  19  1:23  Pylon  
  19  1:24  Probe  
  20  1:26  Cybernetics Core  
  20  1:36  Probe (Chrono Boost)  
  22  1:48  Probe (Chrono Boost)  
  22  1:55  Probe (Chrono Boost)  
  23  2:02  Stalker  
  23  2:05  Stargate, Warp Gate (Chrono Boost)  
  23  2:06  Probe  
  26  2:15  Gateway  
  26  2:25  Gateway  
  26  2:26  Probe  
  28  2:49  Oracle (Chrono Boost)  
  30  2:53  Gateway  
  30  2:54  Pylon  
  32  3:13  Mothership Core  
  32  3:16  Pylon  
  32  3:22  Oracle (Chrono Boost)  
  35  3:27  Pylon  
  35  3:34  Probe  
  36  3:46  Probe  
  37  4:02  Sentry x2  
  41  4:03  Zealot  
  41  4:05  Nexus  
  41  4:07  Zealot  
  45  4:27  Sentry  
  45  4:28  Zealot x2  
  45  4:29  Pylon  
  49  4:36  Zealot  
  51  4:39  Pylon  
  51  4:51  Zealot x2  
  55  4:55  Zealot  
  57  5:02  Zealot  
  59  5:12  Zealot  
  59  5:13  Zealot  
  59  5:31  Zealot x2  
  62  5:42  Zealot x2  
  66  5:47  Probe  
  65  5:55  Stalker x2  
  69  5:57  Probe  
  69  5:59  Probe  
  71  6:09  Stalker  
Show
View Real Time Build Order
Export as new Build Order

Pseudorandom Zerg 

Build Orders: Pool First 

Get SALT Encoding   

  12  0:01  Drone  
  13  0:15  Overlord  
  13  0:20  Drone  
  14  0:34  Drone x2  
  16  0:38  Drone  
  17  0:49  Drone  
  18  0:50  Spawning Pool  
  17  0:59  Drone  
  18  1:14  Hatchery  
  18  1:16  Drone  
  18  1:23  Drone  
  19  1:32  Overlord  
  19  1:36  Queen  
  21  1:42  Zergling x2  
  21  1:46  Extractor  
  21  1:53  Drone  
  22  2:04  Drone  
  23  2:12  Queen  
  25  2:16  Overlord  
  25  2:23  Hatchery  
  25  2:25  Drone  
  26  2:30  Drone  
  26  2:39  Drone x2  
  27  2:45  Drone x3  
  30  2:51  Metabolic Boost  
  30  2:55  Drone x2  
  33  2:58  Drone  
  33  3:01  Drone  
  33  3:04  Drone  
  35  3:13  Overlord  
  35  3:15  Drone  
  35  3:19  Drone  
  37  3:26  Extractor  
  36  3:27  Queen  
  36  3:28  Drone  
  36  3:29  Drone x3  
  36  3:31  Overlord  
  42  3:35  Drone  
  42  3:36  Extractor  
  42  3:37  Evolution Chamber  
  41  3:43  Zergling x6  
  45  3:49  Lair  
  45  3:53  Spore Crawler  
  41  3:56  Zergling x6  
  41  4:00  Queen  
  46  4:10  Zerg Missile Weapons Level 1  
  45  4:17  Spore Crawler  
  45  4:23  Zergling x8  
  41  4:29  Zergling x8  
  44  4:36  Spore Crawler  
  44  4:38  Spore Crawler  
  40  4:47  Zergling x6  
  40  4:49  Hydralisk Den, Zergling x12  
  48  4:59  Zergling x2  
  48  5:00  Zergling x6  
  48  5:06  Queen  
  41  5:30  Zergling x2  
  41  5:31  Zergling x8  
  41  5:33  Hydralisk  
  45  5:42  Hydralisk  
  45  5:48  Hydralisk  
  48  5:53  Hydralisk  
Tags
 
Add a new tag
Caveats
  • Supply blocks, unpowered buildings, or Contaminate may cause inaccurate times.
  • Supply counts are checked every 10 seconds.